 Dungeon Crawl Stone Soup version 0.20.1-1-g8b1a95d (webtiles) character file.

239 tidbits the Chopper (level 5, -6/41 HPs)
             Began as a Mummy Chaos Knight on Aug 12, 2017.
             Killed from afar by Ijyb (22 damage)
             ... with a wand of acid (?/15)
             ... on level 4 of the Dungeon.
             The game lasted 00:09:32 (1345 turns).

tidbits the Chopper (Mummy Chaos Knight)            Turns: 1345, Time: 00:09:32

Health: -6/41      AC:  5    Str: 17    XL:     5   Next: 79%
Magic:  5/5        EV:  9    Int: 11    God:    Xom [......]
Gold:   113        SH:  8    Dex: 11    Spells: 4/4 levels left

rFire    . . .     SeeInvis .   a - +0 hand axe (chaos)
rCold    + . .     Gourm    .   s - +0 shield
rNeg     + + +     Faith    .   b - +2 leather armour
rPois    ∞         Spirit   .   (no helmet)
rElec    .         Reflect  .   (no cloak)
rCorr    .         Harm     .   (no gloves)
MR       .....                  (no boots)
Stlth    +.........             (no amulet)
Regen    0.2/turn               k - ring of protection from fire
MPRegen  0.1/turn               (no ring)

@: no status effects
A: no food or potions, fire vulnerability, cold resistance 1, negative energy
resistance 3, torment resistance, unbreathing
a: Renounce Religion


You were on level 4 of the Dungeon.
You worshipped Xom.
You were a very special plaything of Xom.
You were not hungry.

You visited 1 branch of the dungeon, and saw 5 of its levels.

You collected 113 gold pieces.

Inventory:

Hand Weapons
 a - a +0 hand axe of chaos (weapon)
 l - a +2 trident of freezing
   (You found it on level 3 of the Dungeon)
 o - a +0 long sword
Missiles
 c - 55 stones
 g - 43 arrows
 j - 3 tomahawks (quivered)
Armour
 b - a +2 leather armour (worn)
 h - a cursed +0 ring mail
 s - a +0 shield (worn)
Jewellery
 k - a ring of protection from fire (left hand)
   (You found it on level 3 of the Dungeon)
Wands
 p - a wand of paralysis (13/24)
 q - a wand of enslavement (10/24)
Scrolls
 d - 2 scrolls of recharging
 e - a scroll of fear {unknown}
 f - a scroll of enchant armour {unknown}
 i - a scroll of immolation {unknown}
 m - 2 scrolls of remove curse
 n - a scroll of enchant weapon {unknown}
 r - a scroll of fog {unknown}
 u - a scroll of amnesia {unknown}
Books
 t - a book of Minor Magic
   (You found it on level 2 of the Dungeon)

   Spells                             Type                      Level
   a - Magic Dart                     Conjuration                  1
   b - Blink                          Translocation                2
   c - Call Imp                       Summoning                    2
   d - Slow                           Hexes                        2
   e - Conjure Flame                  Conjuration/Fire             3
   f - Mephitic Cloud                 Conjuration/Poison/Air       3


   Skills:
 - Level 3.1 Fighting
 + Level 4.5 Axes
 - Level 1.7 Armour
 - Level 1.0 Dodging
 + Level 2.4 Shields


You had 4 spell levels left.
You didn't know any spells.

Dungeon Overview and Level Annotations

Branches:
Dungeon (5/15)
 Temple: D:4-7

Altars:

Annotations:
D:3 TheGuigne's ghost, amateur GrFi
D:4 Ijyb


Innate Abilities, Weirdness & Mutations

You do not eat or drink.
Your flesh is vulnerable to fire.
You are immune to poison.
Your flesh is cold resistant. (rC+)
You are immune to negative energy. (rN+++)
You are immune to unholy pain and torment.
You can survive without breathing.


Message History

The scorpion is moderately wounded.
The scorpion stings you. x2
You hit the scorpion but do no damage.
The scorpion is moderately wounded.
The scorpion stings you.
You hit the scorpion.
Space warps horribly around the scorpion!
You kill the scorpion!
Your Axes skill increases to level 4!
Your Shields skill increases to level 1!
Found a bread ration.
An orc comes into view. It is wielding a mace.
The orc shouts!
A worker ant comes into view.
The worker ant twitches its antennae in your direction.
You hit the orc. Lightning courses through the orc!
You kill the orc!
Things that are here:
a mace; an orc corpse You closely miss the worker ant.
You block the worker ant's attack.
You hit the worker ant.
The worker ant flickers and vanishes!
Deactivating autopickup; reactivate with Ctrl-A.
Xom is highly amused!
Something bites you but does no damage. x2
You hit something but do no damage. Something bites you.
You barely miss something. Something bites you!
* * * LOW HITPOINT WARNING * * *
Something bites you but does no damage.
You closely miss something. Something bites you.
* * * LOW HITPOINT WARNING * * *
You hit something.
Reactivating autopickup.
You have reached level 5!
You feel stronger.
You feel a bit more experienced.
A quokka comes into view.
You hit the quokka.
You kill the quokka!
You see here a quokka corpse.
Found a spear.
You see here a spear.
You open the door.
There is an open door here.
There is an open door here.
You see here a spear.
Found a meat ration.
Found a stone staircase leading down.
There is a stone staircase leading down here.
You climb downwards.
Found a stone staircase leading up.
There is a stone staircase leading up here.
There is a stone staircase leading up here.
You climb upwards.
There is a stone staircase leading down here.
You open the door.
An ogre comes into view. It is wielding a giant spiked club.
The ogre shouts!
You hear a shout!
Your shield prevents you from hitting the ogre.
You block the ogre's attack.
Ijyb the Twisted Goblin comes into view.
She is wielding a dagger.
You hit the ogre. You freeze the ogre.
The ogre is lightly wounded.
The ogre hits you with a giant spiked club.
You slash the ogre! You burn the ogre.
The ogre is moderately wounded.
The ogre barely misses you.
Your shield prevents you from hitting the ogre.
The ogre is moderately wounded.
The ogre hits you with a giant spiked club.
* * * LOW HITPOINT WARNING * * *
You closely miss the ogre.
The ogre is moderately wounded.
The ogre barely misses you.
You hit the ogre but do no damage.
Space bends around the ogre.
The ogre is heavily wounded.
You barely miss the ogre.
The ogre is heavily wounded.
The ogre hits you with a giant spiked club.
* * * LOW HITPOINT WARNING * * *
You slash the ogre! You burn the ogre.
The ogre is almost dead.
The ogre barely misses you.
You barely miss the ogre.
The ogre is almost dead.
You block the ogre's attack.
You completely miss the ogre.
The ogre is almost dead.
The ogre closely misses you. Ijyb screams, "I no like you!"
You hit the ogre but do no damage.
The ogre is almost dead.
Ijyb grins evilly.
You block the ogre's attack.
You barely miss the ogre.
The ogre is almost dead.
You hit the ogre but do no damage. You drain the ogre!
You kill the ogre!
Your Shields skill increases to level 2!
Ijyb zaps a wand.
The bolt of acid hits you!
Ouch! That really hurt!
You die...

##...## #.#......
##.....## #.#..####
##.......## #.......#
#.........####......#
+.........+....<.....
#........>####.......
##.......## ##..####
##.....## ##.#
##@..## #.# ##)## #.#
g# #.# .# #.# .# #.
.. .. ..


You could see Ijyb.

Vanquished Creatures
  An ogre (D:4)
  A scorpion (D:4)
  A worker ant (D:4)
  3 adders (D:2)
  2 oozes
  A worm (D:2)
  A dart slug (D:1)
  3 orcs
  4 bats
  A giant cockroach (D:2)
  2 goblins
  2 hobgoblins
  5 jackals
  2 quokkas
  2 frilled lizards
  5 kobolds
  5 rats
41 creatures vanquished.

Vanquished Creatures (collateral kills)
  A frilled lizard (D:3)
1 creature vanquished.

Grand Total: 42 creatures vanquished

Notes
Turn   | Place    | Note
-------+----------+-------------------------------------------
     0 | D:1      | tidbits the Mummy Chaos Knight began the quest for the Orb.
     0 | D:1      | Reached XP level 1. HP: 18/18 MP: 1/1
    50 | D:2      | Reached skill level 1 in Dodging
    74 | D:2      | Reached XP level 2. HP: 22/24 MP: 2/2
   286 | D:2      | Reached skill level 3 in Axes
   312 | D:2      | Reached XP level 3. HP: 19/29 MP: 3/3
   365 | D:3      | XOM: silly message
   385 | D:3      | XOM: cast spell 'Call Canine Familiar'
   500 | D:4      | XOM: cloud trail
   659 | D:3      | Noticed TheGuigne's ghost (amateur GrFi)
   783 | D:3      | XOM: mild Summ miscast
   902 | D:2      | XOM: 1-stop teleportation journey
   929 | D:1      | XOM: 2-stop teleportation journey
  1076 | D:2      | Reached XP level 4. HP: 29/35 MP: 4/4
  1207 | D:2      | You fall through a shaft for 2 floors!
  1238 | D:4      | Reached skill level 4 in Axes
  1238 | D:4      | Reached skill level 1 in Shields
  1265 | D:4      | Reached XP level 5. HP: 17/41 MP: 5/5
  1319 | D:5      | Entered Level 5 of the Dungeon
  1332 | D:4      | Noticed an ogre
  1334 | D:4      | Noticed Ijyb
  1345 | D:4      | Killed an ogre
  1345 | D:4      | Reached skill level 2 in Shields
  1345 | D:4      | Killed from afar by Ijyb

Skill      XL: |  1  2  3  4  5 |
---------------+----------------+-----
Dodging        | 1 |  1.0
Axes           | 3 4 |  4.5
Shields        | 1 2 |  2.4
Fighting       | |  3.1
Armour         | |  1.7

Action                   |  1- 3 |  4- 6 || total
-------------------------+-------+-------++-------
Melee: Hand axe          |   117 |    30 ||   147
Throw: Stone             |     1 |       ||     1
       Tomahawk          |     1 |       ||     1
  Use: Scroll            |     4 |       ||     4
 Stab: Sleeping          |     1 |       ||     1
Armor: Leather armour    |    56 |     5 ||    61
Dodge: Dodged            |    82 |     6 ||    88
Block: Shield            |     9 |     4 ||    13

Table legend:
 A = Turns spent in this place as a percentage of turns spent in the entire game.
 B = Non-inter-level travel turns spent in this place as a percentage of non-inter-level travel turns spent in the entire game.
 C = Inter-level travel turns spent in this place as a percentage of turns spent in this place.
 D = Turns resting spent in this place as a percentage of non-inter-level travel turns spent in this place.
 E = Turns spent auto-exploring this place as a percentage of non-inter-level travel turns spent in this place.
 F = Non-inter-level travel turns spent in this place divided by the number of levels of this place that you've seen.
                   A       B       C       D       E      F
               +-------+-------+-------+-------+-------+----------------------
         Total | 100.0 | 100.0 |   0.2 |   0.0 |   0.0 | 233.0
       Dungeon | 100.0 | 100.0 |   0.2 |   0.0 |   0.0 | 233.0
               +-------+-------+-------+-------+-------+----------------------

Table legend:
 A = Kills in this place as a percentage of kills in entire the game.
 B = Kills by you in this place as a percentage of kills by you in the entire game.
 C = Kills by friends in this place as a percentage of kills by friends in the entire game.
 D = Other kills in this place as a percentage of other kills in the entire game.
 E = Experience gained in this place as a percentage of experience gained in the entire game.
 F = Experience gained in this place divided by the number of levels of this place that you have seen.
                   A       B       C       D       E      F
               +-------+-------+-------+-------+-------+----------------------
         Total | 100.0 | 100.0 | 100.0 |  -nan | 100.0 |  68.4
       Dungeon | 100.0 | 100.0 | 100.0 |  -nan | 100.0 |  68.4
               +-------+-------+-------+-------+-------+----------------------

Vault maps used:
D:1:      mrwooster_arrival_arrow, hangedman_decor_clover_reticule,
          minmay_misc_feat_ornament
D:3:      nemelex_lonely_heart_becter
D:4:      first_bread, uniq_ijyb
D:5:      grunt_qazlal_clouds
